 Dungeon Crawl Stone Soup version 0.20.1-1-g8b1a95d (webtiles) character file.

36 Alphaeus the Sneak (level 3, -6/40 HPs)
             Began as a Vampire Assassin on Sept 14, 2017.
             Killed by divine providence
             ... invoked by an orc priest
              (13 damage)
             ... on level 3 of the Dungeon.
             The game lasted 00:05:07 (944 turns).

Alphaeus the Sneak (Vampire Assassin)                Turns: 944, Time: 00:05:08

Health: -6/40      AC: 21    Str: 15    XL:     3   Next: 19%
Magic:  3/3        EV:  2    Int: 13    God:
Gold:   56         SH:  0    Dex: 21    Spells: 1/2 levels left

rFire    . . .     SeeInvis +   a - +2 dagger
rCold    . . .     Gourm    .   (no shield)
rNeg     + + +     Faith    .   (armour currently unavailable)
rPois    +         Spirit   .   (helmet currently unavailable)
rElec    .         Reflect  .   (cloak currently unavailable)
rCorr    .         Harm     .   (gloves currently unavailable)
MR       .....     NoTele   +   (boots currently unavailable)
Stlth    +++++.....             (no amulet)
Regen    0.2/turn               (no ring)
MPRegen  0.1/turn               (no ring)

@: mighty, agile, tree-form
A: see invisible
a: Bat Form


You were on level 3 of the Dungeon.
You were not thirsty.
You were a tree.
You visited 1 branch of the dungeon, and saw 3 of its levels.

You collected 56 gold pieces.

Inventory:

Hand Weapons
 a - a +2 dagger (weapon)
 b - a +0 blowgun
 q - a +0 rapier
 v - a +0 long sword
Missiles
 e - 8 poisoned needles
 f - 2 curare-tipped needles
 s - 3 javelins (quivered)
Armour
 c - a +0 robe (melded)
 d - a +0 cloak (melded)
 l - a +0 pair of gloves (melded)
Scrolls
 h - 2 scrolls of identify {unknown}
 i - a scroll of blinking {unknown}
 m - a scroll of recharging {unknown}
 n - a scroll of enchant weapon {unknown}
 o - a scroll of remove curse {unknown}
 r - 2 scrolls of random uselessness {unknown}
 t - a scroll of fear {unknown}
Potions
 g - a potion of blood
 j - a potion of might
 u - a potion of lignification
Books
 p - a book of Cantrips

   Spells                             Type                      Level
   a - Confusing Touch                Hexes                        1
   b - Animate Skeleton               Necromancy                   1
   c - Summon Small Mammal            Summoning                    1
   d - Apportation                    Translocation                1


   Skills:
 * Level 2.1 Fighting
 * Level 2.3 Short Blades
 * Level 1.6 Throwing
 * Level 0.4 Armour
 * Level 1.2 Dodging
 * Level 6.7 Stealth
 * Level 0.1 Spellcasting
 * Level 0.6 Summonings


You had one spell level left.
You knew the following spells:

 Your Spells              Type           Power        Failure   Level  Hunger
a - Summon Small Mammal   Summ           #...         24%         1    ##.....


Dungeon Overview and Level Annotations

Branches:
Dungeon (3/15)

Altars:
Cheibriados

Annotations:
D:2 Robin


Innate Abilities, Weirdness & Mutations

((You have razor-sharp teeth.))
You have supernaturally acute eyesight. (SInv)
((You can survive without breathing.))


Message History

You are too injured to fight recklessly!
You are too injured to fight recklessly!
You are too injured to fight recklessly!
You are too injured to fight recklessly!
You are too injured to fight recklessly!
It was a potion of might.
You feel very mighty all of a sudden.
The orc priest looks encouraged for a moment.
It was a potion of lignification.
You turn into a tree.
Your +0 cloak melds into your body.
Your +0 pair of gloves melds into your body.
Your +0 robe melds into your body.
Your roots penetrate the ground.
The orc priest hits you but does no damage.
It was a potion of agility.
You feel agile all of a sudden.
It was a potion of curing.
You feel better.
The orc priest hits you but does no damage.
The orc priest calls down the wrath of Beogh upon you.
Beogh smites you!
You die...

#.######.............# #.#
........)#..########.###.#
#.######....#### #.....#
#.#######......# ###.###
............##.####
#.#####
..#########........
#...... #.##.###. #######
#.# # #####.. #♣# ......#
#o# ####.. #o# #.. #.. #..
... #.. #.## #.. #.# #..
#.# #.. #..


You could see 2 orc priests.

Vanquished Creatures
  A dart slug (D:1)
  3 orcs (D:3)
  A giant cockroach (D:1)
  2 goblins
  4 hobgoblins
  2 kobolds
  8 bats
  4 frilled lizards
  5 rats
30 creatures vanquished.

Notes
Turn   | Place    | Note
-------+----------+-------------------------------------------
     0 | D:1      | Alphaeus the Vampire Assassin began the quest for the Orb.
     0 | D:1      | Reached XP level 1. HP: 16/16 MP: 1/1
   138 | D:1      | Reached skill level 6 in Stealth
   203 | D:1      | Reached XP level 2. HP: 16/22 MP: 2/2
   656 | D:2      | Learned a level 1 spell: Summon Small Mammal
   783 | D:2      | Noticed Robin
   855 | D:3      | Reached XP level 3. HP: 27/27 MP: 3/3
   859 | D:3      | Found a snail-covered altar of Cheibriados.
   940 | D:3      | HP: 1/27 [orc priest/divine providence (15)]
   944 | D:3      | Killed from afar by an orc priest

Skill      XL: |  1  2 |
---------------+-------+-----
Stealth        | 6 |  6.7
Fighting       | 2 |  2.1
Short Blades   | |  2.3
Throwing       | |  1.6
Armour         | |  0.4
Dodging        | |  1.2
Spellcasting   | |  0.1
Summonings     | |  0.6

Action                   || total
-------------------------++-------
Melee: Dagger            ||    74
       Bite              ||     5
  Use: Potion            ||     4
 Stab: Sleeping          ||    11
Armor: Robe              ||    29
       Skin              ||     1
Dodge: Dodged            ||    45
